 Dungeon Crawl Stone Soup version 0.20.1-1-g8b1a95d (webtiles) character file.

1398 Gargoyl the Protected (level 8, -1/68 HPs)
             Began as a Minotaur Abyssal Knight on Sept 21, 2017.
             Was a Priest of Lugonu.
             Slain by letownia's ghost (2 damage)
             ... in an ossuary.
             The game lasted 00:15:30 (6757 turns).

Gargoyl the Protected (Minotaur Abyssal Knight)     Turns: 6757, Time: 00:15:31

Health: -1/68      AC: 15    Str: 13 (16) XL:     8   Next: 41%
Magic:  2/10       EV:  2    Int:  7 (9)  God:    Lugonu [***...]
Gold:   368        SH: 12    Dex: 11 (13) Spells: 7/7 levels left

rFire    . . .     SeeInvis .   a - +1 hand axe
rCold    . . .     Gourm    .   k - +0 large shield
rNeg     . . .     Faith    .   f - +0 chain mail
rPois    .         Spirit   .   (helmet restricted)
rElec    .         Reflect  .   p - +0 cloak
rCorr    +         Harm     .   (no gloves)
MR       .....                  q - +2 pair of boots
Stlth    ..........             (no amulet)
Regen    0.3/turn               j - ring of resist corrosion
MPRegen  0.2/turn               (no ring)

@: drained
A: retaliatory headbutt, horns 2
a: Depart the Abyss, Bend Space, Banish, Renounce Religion


You were in an ossuary.
You worshipped Lugonu.
Lugonu was most pleased with you.
You were very hungry.

You visited 1 branch of the dungeon, and saw 7 of its levels.
You visited the Abyss 1 time.
You also visited: Ossuary.

You collected 368 gold pieces.

Inventory:

Hand Weapons
 a - a +1 hand axe (weapon)
 t - a +0 battleaxe of venom
Missiles
 u - 6 tomahawks (quivered)
Armour
 f - a +0 chain mail (worn)
 k - a +0 large shield (worn)
 p - a +0 cloak (worn)
 q - a +2 pair of boots (worn)
Jewellery
 j - a ring of resist corrosion (left hand)
Scrolls
 l - 8 scrolls of remove curse
 m - 4 scrolls of identify
 r - 3 scrolls of teleportation
 s - 2 scrolls of blinking
Potions
 b - a potion of brilliance
Comestibles
 c - 6 bread rations
 d - 4 fruits
 h - a meat ration
 i - 2 royal jellies


   Skills:
 + Level 5.3(4.6) Fighting
 + Level 6.0(5.3) Axes
 * Level 8.1(7.3) Armour
 + Level 1.9(1.2) Dodging
 + Level 4.0(3.3) Shields
 * Level 4.5(3.8) Invocations


You had 7 spell levels left.
You didn't know any spells.

Dungeon Overview and Level Annotations

Branches:
Dungeon (7/15)
 Temple: D:4-7

Altars:
Elyvilon
Nemelex Xobeh
Qazlal
Trog
Vehumet
Xom
Zin

Shops:
D:3 *

Annotations:
D:4 Grinder; supermoro's ghost, amateur HOFi Ossuary letownia's ghost, novice OpTm


Innate Abilities, Weirdness & Mutations

You reflexively headbutt those who attack you in melee.
You have a pair of horns on your head.


Message History

Your base Axes skill increases to level 6!
Your shield prevents you from hitting the mummy.
Your shield and chain mail prevent you from hitting the mummy.
You closely miss letownia's ghost. You block letownia's ghost's attack.
You block the kobold zombie's attack. The mummy hits you!
* * * LOW HITPOINT WARNING * * *
You slash the kobold zombie!
You destroy the kobold zombie!
Lugonu accepts your kill.
You hit the mummy. x2; You closely miss letownia's ghost.
Letownia's ghost hits you but does no damage.
You block the mummy's attack. You block letownia's ghost's attack.
The mummy hits you!
* * * LOW HITPOINT WARNING * * *
Letownia's ghost hits you but does no damage.
The mummy hits you.
* * * LOW HITPOINT WARNING * * *
There is a gate leading back out of this place here.
Letownia's ghost hits you.
You die...

#....#
#....#
#....#
#....#
#....#
#....#
#.Z..#
#.WM.#
#.@M.#
######


You could see 2 mummies, letownia's ghost and a hobgoblin zombie.

Vanquished Creatures
  Edmund (D:6)
  A sky beast (D:6)
  An ice beast (D:6)
  A phantom (D:3)
  A black bear (D:6)
  The ghost of Fandomethor the Poker, an amateur MfBe of Trog (D:3)
  A bullfrog (D:6)
  3 scorpions
  A crimson imp (D:5)
  A hound (D:4)
  A centaur skeleton (D:6)
  An orc priest (D:6)
  Crazy Yiuf (D:3)
  6 orc wizards
  2 bullfrog skeletons (D:6)
  A worker ant (D:5)
  2 mummies (Ossuary)
  6 adders
  6 worms
  7 leopard geckos
  15 orcs
  5 bats
  5 giant cockroaches
  2 gnoll zombies (Ossuary)
  5 goblins
  6 hobgoblins
  13 jackals
  6 kobolds
  3 quokkas
  3 ball pythons
  3 frilled lizards
  A hobgoblin zombie (Ossuary)
  2 kobold zombies (Ossuary)
  A leopard gecko skeleton (D:4)
  2 orc zombies (Ossuary)
  6 rats
123 creatures vanquished.

Vanquished Creatures (others)
  An orc wizard (D:4)
1 creature vanquished.

Grand Total: 124 creatures vanquished

Notes
Turn   | Place    | Note
-------+----------+-------------------------------------------
     0 | Abyss:1  | Gargoyl the Minotaur Abyssal Knight began the quest for the Orb.
     0 | Abyss:1  | Reached XP level 1. HP: 19/19 MP: 1/1
    50 | Abyss:1  | Found a corrupted altar of Lugonu.
   180 | Abyss:1  | Noticed a large abomination
   180 | Abyss:1  | Found a shimmering altar of Xom.
   182 | Abyss:1  | Noticed a smoke demon
   183 | D:1      | Escaped the Abyss
   237 | D:1      | Reached * piety under Lugonu
   414 | D:1      | Reached XP level 2. HP: 24/27 MP: 2/2
   888 | D:2      | Found a radiant altar of Vehumet.
  1216 | D:2      | Reached XP level 3. HP: 31/33 MP: 3/3
  1273 | D:2      | Reached skill level 3 in Armour
  1614 | D:3      | Noticed Fandomethor's ghost (amateur MfBe)
  1634 | D:3      | Killed Fandomethor's ghost
  1634 | D:3      | Reached skill level 4 in Armour
  1634 | D:3      | Reached skill level 1 in Shields
  1634 | D:3      | Reached XP level 4. HP: 30/40 MP: 4/4
  1634 | D:3      | Reached XP level 5. HP: 35/46 MP: 5/5
  1663 | D:3      | Found a runed door.
  1695 | D:3      | Noticed a moth of wrath
  1698 | D:3      | Found a bloodstained altar of Trog.
  1897 | D:3      | Noticed a phantom
  1999 | D:3      | Killed a phantom
  1999 | D:3      | Reached skill level 5 in Armour
  2131 | D:3      | Found Zin's Purification Station.
  2131 | D:3      | Found a glowing silver altar of Zin.
  2149 | D:3      | Reached ** piety under Lugonu
  2169 | D:3      | Reached XP level 6. HP: 53/53 MP: 7/7
  2319 | D:3      | Found a sparkling altar of Nemelex Xobeh.
  2717 | D:3      | Noticed Crazy Yiuf
  2732 | D:3      | Killed Crazy Yiuf
  3369 | D:4      | Noticed supermoro's ghost (amateur HOFi)
  3719 | D:5      | Entered Level 5 of the Dungeon
  3864 | D:5      | Found a white marble altar of Elyvilon.
  3885 | D:5      | Noticed Grinder
  3927 | D:5      | Paralysed by Grinder for 7 turns
  3933 | D:5      | HP: 1/53 [Grinder/nerve-wracking pain (10)]
  3938 | D:4      | Paralysed by Grinder for 7 turns
  4388 | D:5      | Found a stormy altar of Qazlal.
  4410 | D:5      | Reached skill level 6 in Armour
  4410 | D:5      | Reached XP level 7. HP: 30/60 MP: 8/8
  4937 | D:5      | Reached *** piety under Lugonu
  5641 | D:6      | Reached skill level 5 in Axes
  5751 | D:6      | Reached skill level 7 in Armour
  6092 | D:6      | Reached XP level 8. HP: 67/67 MP: 10/10
  6096 | D:6      | Reached skill level 5 in Fighting
  6334 | D:6      | Noticed Edmund
  6348 | D:6      | Killed Edmund
  6445 | D:6      | Reached skill level 8 in Armour
  6511 | D:6      | Found a shimmering altar of Xom.
  6710 | D:7      | Found a sand-covered staircase.
  6721 | Ossuary  | Entered an ossuary
  6722 | Ossuary  | Noticed letownia's ghost (novice OpTm)
  6755 | Ossuary  | HP: 2/68 [mummy (9)]
  6757 | Ossuary  | Slain by letownia's ghost

Skill      XL: |  1  2  3  4  5  6  7  8 |
---------------+-------------------------+-----
Axes           | 3 4 5 6 |  6.0
Fighting       | 4 5 |  5.3
Invocations    | 2 3 4 |  4.5
Armour         | 4 5 6 7 8 |  8.1
Shields        | 1 2 3 4 |  4.0
Dodging        | |  1.9

Action                   |  1- 3 |  4- 6 |  7- 9 || total
-------------------------+-------+-------+-------++-------
Melee: Hand axe          |    98 |   222 |   236 ||   556
       Headbutt          |    14 |    38 |    46 ||    98
Invok: Depart the Abyss  |     1 |       |       ||     1
       Banish            |       |       |     2 ||     2
  Use: Potion            |     3 |     3 |     3 ||     9
       Scroll            |     1 |     3 |     3 ||     7
  Eat: Chunk             |     2 |     8 |     7 ||    17
       Royal jelly       |       |     1 |       ||     1
Armor: Chain mail        |    74 |   101 |   160 ||   335
Dodge: Dodged            |    37 |    14 |    20 ||    71
Block: Large shield      |    37 |   144 |   142 ||   323
